 Dungeon Crawl Stone Soup version 0.30-a0-718-geaa24f58ff (webtiles) character file.

Game seed: 3802922398083089087

8950 gelatine the Arsonist (level 11, -8/80 HPs)
             Began as a Demonspawn Fire Elementalist on Jan 25, 2023.
             Was a Priest of Vehumet.
             Mangled by a blink frog (11 damage)
             ... on level 2 of the Lair of Beasts.
             The game lasted 00:31:35 (10775 turns).

gelatine the Arsonist (DsFE)                       Turns: 10775, Time: 00:31:36

Health: -8/80      AC:  6    Str: 10    XL:     11   Next: 16%
Magic:  16/20      EV: 14    Int: 20    God:    Vehumet [***...]
Gold:   250        SH:  5    Dex: 13    Spells: 12/22 levels left

rFire   + + .      SeeInvis .    t - +7 trident of the Bouncing Runes {elec, rF+ rCorr}
rCold   . . .      Faith    .    (no shield)
rNeg    + . .      Spirit   .    K - +0 steam dragon scales
rPois   +          Reflect  +    (helmet restricted)
rElec   .          Harm     .    P - +0 cloak {rPois}
rCorr   +          Rampage  .    (no gloves)
Will    .....                    (no boots)
Stlth   +++                      S - amulet of reflection
HPRegen 0.33/turn                j - ring of protection from fire
MPRegen 0.17/turn                R - ring of positive energy

@: no status effects
A: horns 2, ignite blood 1, demonic magic 1, weakness stinger 1, demonic touch 1
a: Renounce Religion


You were on level 2 of the Lair of Beasts.
You worshipped Vehumet.
Vehumet was most pleased with you.
You visited 3 branches of the dungeon, and saw 11 of its levels.
You also visited: Bailey.

You collected 540 gold pieces.
You spent 290 gold pieces at shops.

Inventory:

Hand Weapons
 a - a +0 eveningstar of venom
 t - the +7 trident of the Bouncing Runes (weapon) {elec, rF+ rCorr}
   (You found it on level 5 of the Dungeon)

   rF:        It protects you from fire.
   rCorr:     It protects you from acid and corrosion.
 G - a +2 vampiric rapier
 M - a +7 spectral quarterstaff
 N - the +5 short sword "Wasmapuosh" {distort, rPois rC+++ Str+2 Int-2}
   (You found it on level 8 of the Dungeon)

   Str:       It affects your strength (+2).
   Int:       It affects your intelligence (-2).
   rC:        It renders you almost immune to cold.
   rPois:     It protects you from poison.
Missiles
 w - 2 throwing nets
Armour
 b - +1 shadow dragon scales
 d - a +1 cloak
 D - the +0 pair of gloves of Odutwo {Harm rC- Int+2}
   (You found it in a bailey)

   Int:       It affects your intelligence (+2).
   rC:        It makes you vulnerable to cold.
   Harm:      It increases damage dealt and taken.
 K - +0 steam dragon scales (worn)
 P - a +0 cloak of poison resistance (worn)
 Q - a +0 pair of gloves
Magical Staves
 r - a staff of conjuration
Jewellery
 j - a ring of protection from fire (left hand)
 x - a +6 ring of strength
 R - a ring of positive energy (right hand)
 S - an amulet of reflection (around neck)
 V - an amulet of the acrobat
Wands
 y - a wand of digging (6)
 E - a wand of polymorph (10)
 L - a wand of paralysis (12)
 O - a wand of quicksilver (10)
 T - a wand of flame (24)
 X - a wand of iceblast (4)
Scrolls
 c - 3 scrolls of blinking
 f - 2 scrolls of enchant armour
 i - 4 scrolls of silence
 l - 3 scrolls of amnesia {unknown}
 m - 4 scrolls of immolation
 n - a scroll of poison {unknown}
 o - 14 scrolls of teleportation
 z - 2 scrolls of fog {unknown}
 B - a scroll of enchant weapon {unknown}
 C - a scroll of noise {unknown}
 I - a scroll of magic mapping {unknown}
 U - 2 scrolls of brand weapon {unknown}
Potions
 e - 3 potions of ambrosia
 g - 2 potions of attraction
 h - 3 potions of cancellation
 k - a potion of berserk rage {unknown}
 p - 4 potions of degeneration
 q - 2 potions of brilliance
 s - a potion of lignification
 u - 2 potions of haste {unknown}
 v - 3 potions of mutation {unknown}
 A - 4 potions of curing {unknown}
 F - a potion of might
 H - a potion of invisibility {unknown}
 J - a potion of heal wounds
 W - a potion of resistance {unknown}


   Skills:
 * Level 5.2 Fighting
 + Level 0.6 Short Blades
 * Level 4.5 Polearms
 * Level 3.2 Armour
 * Level 5.1 Dodging
 + Level 4.1 Stealth
 + Level 6.4 Spellcasting
 * Level 6.2 Conjurations
 + Level 3.0 Transmutations
 * Level 8.2 Fire Magic
 + Level 2.9 Poison Magic
 + Level 3.5 Evocations


You had 12 spell levels left.
You knew the following spells:

 Your Spells              Type           Power      Damage    Failure   Level
a - Foxfire               Conj/Fire      100%       2x1d9     1%          1
b - Scorch                Fire           78%        2d9       1%          2
c - Flame Wave            Conj/Fire      35%        2d10      1%          4
d - Ignite Poison         Fire/Tmut/Pois 25%        N/A       1%          3

Your spell library contained the following spells:

 Spells                   Type           Power      Damage    Failure   Level
 Frozen Ramparts          Ice            12%        1d2       9%          3
 Inner Flame              Hex/Fire       22%        N/A       1%          3
 Sticky Flame             Conj/Fire      35%        2d5       1%          4
 Sandblast                Erth           12%        2d6       2%          1
 Kindle Blastsparks       Fire/Tloc/Air  34%        2d12      2%          3
 Stone Arrow              Conj/Erth      36%        3d9       2%          3
 Passwall                 Tmut/Erth      10%        N/A       9%          2
 Blink                    Tloc           12%        N/A       16%         2
 Manifold Assault         Tloc           6%         N/A       69%         4
 Ignition                 Fire           19%        3d7       99%         8
 Storm Form               Tmut/Air       6%         N/A       100%        7


Dungeon Overview and Level Annotations

Branches:
Dungeon (8/15)             Temple (1/1) D:5            Lair (2/5) D:8
 Spider (0/4) Lair:2       Bailey (visited)
  Swamp: Lair:2-3    Shoals: Lair:2-3

Altars:
Ashenzari
Cheibriados
Dithmenos
Fedhas
Gozag
Hepliaklqana
Kikubaaqudgha
Makhleb
Nemelex Xobeh
Okawaru
Qazlal
Ru
Sif Muna
Trog
Vehumet
Wu Jian
Xom
Yredelemnul

Shops:
D:5 *   D:8 (*

Annotations:
Lair:1 3 runed translucent doors, Newt's ghost, journeyman KoHu


Innate Abilities, Weirdness & Mutations

You have a pair of horns on your head.
Your demonic aura sometimes causes spilled blood to erupt in flames.
Spells you cast may paralyse adjacent enemies.
You have a small tail.
Your touch may inflict minor irresistible damage on your foes.


Message History

You completely miss the blink frog.
The blink frog is almost dead.
The foxfire hits the blink frog.
The blink frog is lightly wounded.
The foxfire hits the blink frog.
You kill the blink frog!
Vehumet accepts your kill.
You feel your power returning.
The blink frog blinks!
The blink frog hits you!
Casting: Foxfire (safe; 1% risk of failure)
Confirm with . or Enter, or press ? or * to list all spells.
You conjure some foxfire!
Malevolent energies surge around you.
The blink frog suddenly stops moving!
The blink frog barely misses you.
The blink frog blinks! x2
The helpless blink frog fails to defend itself.
You puncture the blink frog!
You touch the blink frog!
The blink frog is severely wounded.
The foxfire hits the blink frog.
The blink frog is lightly wounded.
The foxfire hits the blink frog!
The blink frog is almost dead.
The blink frog misses you.
The blink frog blinks!
The blink frog hits you but does no damage.
Casting: Foxfire (safe; 1% risk of failure)
Confirm with . or Enter, or press ? or * to list all spells.
You conjure some foxfire!
Malevolent energies surge around you. The blink frog hits you!
* * * LOW HITPOINT WARNING * * *
The blink frog closely misses you. You block the blink frog's attack.
The helpless blink frog fails to defend itself.
You hit the blink frog.
The blink frog is almost dead.
The foxfire hits the blink frog!
The blink frog is moderately wounded.
The foxfire hits the blink frog!
You kill the blink frog!
Vehumet accepts your kill. The blink frog hits you!
* * * LOW HITPOINT WARNING * * *
The blink frog hits you!
You die...

.... ##.... #P..... ###
....... #####.# .......
##..##.###### ##.P.....
#...#....#.P## #.†......
....#........###.#.#
#..........<.†#P@†.#...
.#.............○FF....#
P...#.#P#.#.............
...##.####........#.....
...#### ##.#...F.#.....
...# #..........#...
...#####.....#......#...
...P........#§##....# ..
.<.P..##.#.. # ...##


You could see 3 blink frogs.

Vanquished Creatures
  A two-headed ogre (D:8)
  Pikel (D:7)
  A black mamba (Lair:2)
  Joseph (D:8)
  Maurice (D:8)
  2 cane toads
  Maggie (D:7)
  A polar bear (Lair:1)
  2 blink frogs (Lair:2)
  14 yaks
  2 steam dragons (D:8)
  Edmund (D:4)
  2 water moccasins
  Duvessa (D:7)
  8 orc warriors
  2 ice beasts
  3 black bears
  An ogre (D:7)
  3 centaurs
  A kobold brigand (D:8)
  3 bullfrogs
  2 necrophages
  3 scorpions
  Dowan (D:7)
  4 killer bees (D:7)
  2 jellies
  3 orc priests (D:3)
  5 hounds
  4 iguanas
  2 orc wizards
  Natasha (thrice) (D:4)
  Robin (D:3)
  2 adders
  7 gnolls
  3 white imps
  An ufetubus (D:6)
  2 worms
  2 dart slugs
  38 orcs
  3 endoplasms
  2 giant cockroaches
  17 goblins
  11 hobgoblins
  4 jackals (D:1)
  7 kobolds
  3 quokkas (D:1)
  9 ball pythons
  8 bats
  3 frilled lizards
  8 rats
212 creatures vanquished.

Vanquished Creatures (collateral kills)
  2 foxfires (Lair:2)
2 creatures vanquished.

Vanquished Creatures (others)
  713 foxfires
  8 fungi (Lair:2)
  4 plants
725 creatures vanquished.

Grand Total: 939 creatures vanquished

Notes
Turn   | Place    | Note
-------+----------+-------------------------------------------
     0 | D:1      | gelatine the Demonspawn Fire Elementalist began the quest
                  | for the Orb.
     0 | D:1      | Reached XP level 1. HP: 13/13 MP: 3/3
   136 | D:1      | Reached skill level 3 in Fire Magic
   136 | D:1      | Discovered your monstrous ancestry.
   136 | D:1      | Gained mutation: You have a pair of small horns on your
                  | head. [demonic ancestry]
   136 | D:1      | Reached XP level 2. HP: 11/20 MP: 0/5
  1224 | D:2      | Reached XP level 3. HP: 25/25 MP: 2/6
  1607 | D:2      | Learned a level 2 spell: Scorch
  2040 | D:2      | Reached skill level 1 in Fighting
  2229 | D:3      | Gained mutation: You have a pair of horns on your head.
                  | [demonic ancestry]
  2229 | D:3      | Reached XP level 4. HP: 32/32 MP: 2/8
  2481 | D:3      | Gained mutation: Spells you cast may paralyse adjacent
                  | enemies. [demonic ancestry]
  2481 | D:3      | Reached XP level 5. HP: 37/37 MP: 6/9
  2568 | D:3      | You fall into a shaft and drop 3 floors!
  2647 | D:5      | Entered Level 5 of the Dungeon
  2654 | D:5      | Reached skill level 4 in Fire Magic
  2654 | D:5      | Reached XP level 6. HP: 42/44 MP: 5/10
  3014 | D:5      | Found a staircase to the Ecumenical Temple.
  3027 | Temple   | Entered the Ecumenical Temple
  3261 | Temple   | Became a worshipper of Vehumet
  3343 | D:5      | Identified the +7 trident of the Bouncing Runes {elec, rF+
                  | rCorr}
  3585 | D:3      | Found a faded altar of an unknown god.
  3689 | D:3      | Noticed Robin
  3690 | D:3      | Found an opulent altar of Gozag.
  3700 | D:3      | Killed Robin
  4098 | D:3      | Found a hazy altar of Hepliaklqana.
  4102 | D:3      | Found a shimmering blue altar of Sif Muna.
  4122 | D:3      | Found an ornate altar of the Wu Jian Council.
  4124 | D:3      | Found a basalt altar of Yredelemnul.
  4125 | D:3      | Found a bloodstained altar of Trog.
  4444 | D:4      | Noticed Edmund
  4448 | D:4      | Reached skill level 1 in Polearms
  4453 | D:4      | Killed Edmund
  4454 | D:4      | Gained mutation: You have a small tail. [demonic ancestry]
  4454 | D:4      | Reached XP level 7. HP: 32/51 MP: 1/12
  4586 | D:4      | Reached * piety under Vehumet
  4586 | D:4      | Offered knowledge of Kiss of Death by Vehumet.
  4587 | D:4      | Reached skill level 1 in Evocations
  4594 | D:4      | Noticed Natasha
  4601 | D:4      | Killed Natasha
  4661 | D:4      | Noticed Natasha
  4668 | D:4      | Killed Natasha
  4887 | D:4      | Noticed Natasha
  4892 | D:4      | Killed Natasha
  5393 | D:5      | Learned a level 4 spell: Flame Wave
  5397 | D:5      | Learned a level 3 spell: Ignite Poison
  5619 | D:5      | Found a sacrificial altar of Ru.
  5763 | D:5      | Found Padghibomm's General Store.
  5766 | D:5      | Bought a scroll of identify for 20 gold pieces
  6066 | D:6      | Reached XP level 8. HP: 46/57 MP: 12/14
  6202 | D:6      | Reached skill level 5 in Fire Magic
  6319 | D:6      | Reached skill level 1 in Poison Magic
  6513 | D:6      | Reached skill level 1 in Transmutations
  6919 | D:7      | Found a flagged portal.
  6935 | Bailey   | Entered a bailey
  7143 | Bailey   | Offered knowledge of Magic Dart by Vehumet.
  7286 | Bailey   | Reached ** piety under Vehumet
  7348 | Bailey   | Gained mutation: Your touch may inflict minor irresistible
                  | damage on your foes. [demonic ancestry]
  7348 | Bailey   | Reached XP level 9. HP: 24/64 MP: 3/15
  7640 | Bailey   | Identified the +0 pair of gloves of Odutwo {Harm rC- Int+2}
  7932 | D:7      | Noticed Dowan
  7935 | D:7      | Noticed Duvessa
  7938 | D:7      | Killed Dowan
  7943 | D:7      | Killed Duvessa
  8165 | D:7      | Noticed Pikel
  8177 | D:7      | Killed Pikel
  8178 | D:7      | Reached skill level 5 in Conjurations
  8178 | D:7      | Reached skill level 6 in Fire Magic
  8233 | D:7      | Reached skill level 5 in Spellcasting
  8378 | D:7      | Noticed Maggie
  8396 | D:7      | Killed Maggie
  8685 | D:8      | Noticed a two-headed ogre
  8695 | D:8      | HP: 2/65 [two-headed ogre/+0 giant club (12)]
  8697 | D:8      | Killed a two-headed ogre
  8698 | D:8      | Gained mutation: Your demonic aura sometimes causes spilled
                  | blood to erupt in flames. [demonic ancestry]
  8698 | D:8      | Reached XP level 10. HP: 3/73 MP: 1/17
  8992 | D:8      | Reached skill level 1 in Armour
  9048 | D:8      | Found Ygaolud's Antique Weapon Shoppe.
  9048 | D:8      | Noticed Joseph
  9049 | D:8      | Paralysed by Joseph for 3 turns
  9060 | D:8      | Killed Joseph
  9325 | D:8      | Found a staircase to the Lair.
  9336 | D:8      | Identified the +5 short sword "Wasmapuosh" {distort, rPois
                  | rC+++ Str+2 Int-2}
  9343 | D:8      | Noticed Maurice
  9351 | D:8      | Killed Maurice
  9352 | D:8      | Reached skill level 7 in Fire Magic
  9406 | D:8      | Offered knowledge of Frozen Ramparts by Vehumet.
  9454 | D:8      | Found an ancient bone altar of Kikubaaqudgha.
  9455 | D:8      | Identified the +7 plate armour "Docel" {MP-9 Str+5}
  9545 | D:8      | Found Heolamae's Assorted Antiques.
  9551 | D:8      | Bought a silver ring for 135 gold pieces
  9551 | D:8      | Bought a glowing zirconium amulet for 135 gold pieces
  9690 | Lair:1   | Entered Level 1 of the Lair of Beasts
  9791 | Lair:1   | Found a runed translucent gate.
  9791 | Lair:1   | Found a runed translucent gate.
  9791 | Lair:1   | Found a runed translucent gate.
  9816 | Lair:1   | Noticed a spectral four-headed hydra
  9817 | Lair:1   | Noticed Newt's ghost (journeyman KoHu)
  9850 | Lair:1   | Reached skill level 5 in Fighting
  9853 | Lair:1   | Reached skill level 5 in Dodging
  9990 | Lair:1   | Reached *** piety under Vehumet
  9995 | Lair:1   | Reached skill level 8 in Fire Magic
 10001 | Lair:1   | Reached XP level 11. HP: 21/79 MP: 0/20
 10587 | Lair:2   | Found a hole to the Spider Nest.
 10775 | Lair:2   | HP: 3/80 [blink frog (12)]
 10775 | Lair:2   | Mangled by a blink frog

Illustrated notes

Levels and vault maps discovered:
D:1:      co_arrival_square_in_a_square_in_a_square, layout_basic
D:2:      layout_basic
D:3:      layout_basic, grunt_temple_overflow_gold_and_silver,
          amcnicky_altar_gilded, minitemple,
          ebering_ecumenical_altar_sacrificial, uniq_robin
D:4:      layout_rooms, hex_large, amethyst_killhole, grunt_decor_resistance,
          st_stairs_1, uniq_edmund, uniq_natasha
D:5:      layout_basic, mainiacjoe_overflow_alcove_4, minmay_temple_entry_ruins,
          serial_shops, nicolae_shop_behind_doors, serial_rivers,
          chequers_serial_rivers_small_b, chequers_serial_rivers_room_b,
          chequers_serial_rivers_small_3, chequers_serial_rivers_micro_b,
          chequers_serial_rivers_room_a, grunt_ministairs_13
D:6:      layout_rooms
D:7:      layout_rooms, enter_bailey_4, minmay_diced_spiral, uniq_duvessa,
          uniq_maggie, uniq_pikel
D:8:      layout_basic, lemuel_tele_altar, dpeg_oklobed_lair, serial_shops,
          nicolae_shop_overgrown_old_shop, kennysheep_windowed_goal,
          uniq_maurice, uniq_joseph
Temple:   minmay_temple_curvy_loop
Lair:1:   layout_misc_corridors, gammafunk_ghost_necromancy
Lair:2:   layout_misc_corridors, spider_nest_entry_web_field,
          eino_small_chamber_without_monster, dreamdust_mushroom_princess,
          minmay_holes, beast_lair_carwin_10, infiniplex_staircase_pool_2

Skill      XL: |  1  2  3  4  5  6  7  8  9 10 11 |
---------------+----------------------------------+-----
Fire Magic     | 3 4 5 6 8 |  8.2
Dodging        | 2 3 4 5 |  5.1
Fighting       | 1 2 3 4 5 |  5.2
Conjurations   | 2 3 4 5 6 |  6.2
Stealth        | 2 3 4 |  4.1
Spellcasting   | 3 4 5 6 |  6.4
Polearms       | 1 2 3 4 |  4.5
Evocations     | 1 2 3 |  3.5
Poison Magic   | 1 2 |  2.9
Transmutations | 1 3 |  3.0
Armour         | 2 3 |  3.2
Short Blades   | |  0.6

Action                     |  1- 3 |  4- 6 |  7- 9 | 10-12 || total
---------------------------+-------+-------+-------+-------++-------
  Melee: Unarmed           |     4 |       |       |       ||     4
         Punch             |     1 |       |     1 |     1 ||     3
         Short sword       |     9 |    27 |       |       ||    36
         Headbutt          |       |     8 |     9 |    13 ||    30
         Trident           |       |    17 |    75 |    53 ||   145
         Tailslap          |       |       |    13 |     5 ||    18
         Touch             |       |       |     1 |     9 ||    10
   Cast: Foxfire           |    85 |    61 |   211 |    67 ||   424
         Scorch            |     1 |    10 |    23 |    24 ||    58
         Flame Wave        |       |       |     5 |     2 ||     7
  Evoke: Wand              |       |       |       |     1 ||     1
    Use: Scroll            |       |     1 |    10 |     1 ||    12
         Potion            |       |       |     3 |       ||     3
   Stab: Paralysed         |       |     4 |    16 |    12 ||    32
 Armour: Robe              |     5 |     3 |       |       ||     8
         Animal skin       |       |     6 |    16 |       ||    22
         Steam dragon scal |       |       |       |    15 ||    15
  Dodge: Dodged            |     7 |    29 |    73 |    39 ||   148
  Block: Other             |       |       |       |     6 ||     6

Table legend: (Time is in decaauts)
 A = Elapsed time spent in this place.
 B = Non-inter-level travel time spent in this place.
 C = Inter-level travel time spent in this place.
 D = Time resting spent in this place.
 E = Time spent auto-exploring this place.
 F = Levels seen in this place.
 G = Mean time per level.
                   A        B        C        D        E       F      G
               +--------+--------+--------+--------+--------+-----+--------+
         Total |  10825 |  10480 |    345 |      0 |   8871 |  12 |  902.1 |
       Dungeon |   8492 |   8255 |    237 |      0 |   7075 |   8 | 1061.5 |
        Temple |    303 |    195 |    108 |      0 |    189 |   1 |  303.0 |
          Lair |   1088 |   1088 |      0 |      0 |    920 |   2 |  544.0 |
        Bailey |    940 |    940 |      0 |      0 |    687 |   1 |  940.0 |
               +--------+--------+--------+--------+--------+-----+--------+

Top non-repeatable levels by time:
     D:3: 1318 daAuts
     D:5: 1286 daAuts
     D:7: 1281 daAuts
     D:1: 1147 daAuts
     D:2: 986 daAuts
     D:4: 957 daAuts
  Bailey: 940 daAuts
  Lair:1: 899 daAuts
     D:8: 791 daAuts
     D:6: 725 daAuts
  Temple: 303 daAuts
  Lair:2: 188 daAuts
